 Dungeon Crawl Stone Soup version 0.20.1-1-g8b1a95d (webtiles) character file.

1547 KleinerIrrer the Carver (level 8, 0/44 HPs)
             Began as a Tengu Gladiator on July 9, 2017.
             Killed by divine providence
             ... invoked by an orc priest
              (9 damage)
             ... on level 6 of the Dungeon.
             The game lasted 00:12:13 (4946 turns).

KleinerIrrer the Carver (Tengu Gladiator)           Turns: 4946, Time: 00:12:14

Health: 0/44       AC:  6    Str: 14    XL:     8   Next: 87%
Magic:  9/9        EV: 16    Int: 10    God:
Gold:   214        SH:  0    Dex: 17    Spells: 7/7 levels left

rFire    . . .     SeeInvis .   r - +0 scimitar
rCold    . . .     Gourm    .   (no shield)
rNeg     . . .     Faith    .   h - +3 leather armour
rPois    .         Spirit   .   c - +0 hat
rElec    .         Reflect  .   q - scarf {repulsion}
rCorr    .         Harm     .   (no gloves)
MR       .....                  (boots unavailable)
Stlth    ++........             (no amulet)
Regen    0.2/turn               s - ring of stealth
MPRegen  0.2/turn               (no ring)

@: repel missiles
A: beak, talons 3, able to fly 1
a: Fly


You were on level 6 of the Dungeon.
You were not hungry.

You visited 1 branch of the dungeon, and saw 6 of its levels.

You collected 214 gold pieces.

Inventory:

Hand Weapons
 a - a +0 long sword
 r - a +0 scimitar (weapon)
 x - a +0 shortbow
Missiles
 y - 11 arrows
 A - 2 throwing nets (quivered)
Armour
 b - a +0 leather armour
 c - a +0 hat (worn)
 d - the +1 ring mail of Birdsong {rPois rCorr}
   (You found it on level 5 of the Dungeon)

   It protects you from poison.
   It protects you from acid and corrosion.
 h - a +3 leather armour (worn)
 q - a scarf of repulsion (worn)
Jewellery
 s - a ring of stealth (left hand)
Wands
 l - a wand of digging (13/24)
Scrolls
 e - 2 scrolls of identify {unknown}
 i - a scroll of teleportation {unknown}
 m - a scroll of remove curse
 n - a scroll of enchant weapon {unknown}
 o - 3 scrolls of amnesia {unknown}
 t - a scroll of recharging {unknown}
 u - a scroll of noise {unknown}
 v - a scroll of fog {unknown}
 w - a scroll of enchant armour {unknown}
 z - a scroll of fear {unknown}
Potions
 j - a potion of degeneration
 C - a potion of might {unknown}
Comestibles
 f - 2 bread rations
 g - 2 royal jellies
 k - 8 fruits
 p - 2 meat rations
 B - 10 chunks of flesh


   Skills:
 - Level 2.0 Fighting
 + Level 10.5 Long Blades
 - Level 0.7 Bows
 - Level 2.0 Throwing
 + Level 6.9 Dodging


You had 7 spell levels left.
You didn't know any spells.

Dungeon Overview and Level Annotations

Branches:
Dungeon (6/15)
 Temple: D:4-7

Altars:
Ru


Innate Abilities, Weirdness & Mutations

You have a beak for a mouth.
You have claws for feet.
You can fly.


Message History

The adder bites you but does no damage.
You closely miss the adder.
The adder is lightly wounded.
The adder barely misses you.
You riposte.
You slash the adder!
You kill the adder!
The orc warrior hits you with a war axe!
You hit the orc warrior but do no damage.
You feel sick. The orc warrior misses you.
You feel sick.
You are no longer poisoned.
The orc priest invokes the aid of Beogh against you.
Beogh smites you!
There is an open door here.
The orc priest mumbles some strange prayers to Beogh against you.
Beogh smites you!
* * * LOW HITPOINT WARNING * * *
There is an open door here.
The orc priest mumbles some strange prayers to Beogh against you.
Beogh smites you!
You die...

#...###+.........+
#.⌠ ##....o....# #..
#.....o...## ..
...##.....## ⌠.. ⌠..
##...## .. ##'## #.#
#o########
##@.......#
##...#####.# #.....#
#.#
####...#####.####[#
...#.###.....)...#
#.###.#.###.##.######
#...........##.#
####.#.######.#
#........#


You could see an orc warrior, an orc priest and an orc.

Vanquished Creatures
  The ghost of smzp the Slinger, a novice HaHu (D:5)
  An ogre (D:3)
  An ice beast (D:3)
  2 phantoms
  A centaur (D:5)
  A bullfrog (D:6)
  A scorpion (D:5)
  3 howler monkeys
  A crimson imp (D:5)
  A jelly (D:5)
  2 hounds
  A gnoll shaman (D:3)
  2 orc wizards
  A bullfrog skeleton (D:3)
  Natasha (thrice) (D:4)
  A worker ant (D:5)
  6 adders
  6 gnolls
  3 adder skeletons
  An adder zombie (D:5)
  A worm (D:3)
  A dart slug (D:4)
  6 leopard geckos
  13 orcs
  7 bats
  4 giant cockroaches
  7 goblins
  3 hobgoblins
  3 jackals (D:3)
  A quokka (D:4)
  2 ball pythons (D:3)
  2 frilled lizards
  2 kobolds (D:3)
  2 rats (D:2)
93 creatures vanquished.

Notes
Turn   | Place    | Note
-------+----------+-------------------------------------------
     0 | D:1      | KleinerIrrer the Tengu Gladiator began the quest for the Orb.
     0 | D:1      | Reached XP level 1. HP: 12/12 MP: 2/2
   240 | D:1      | Reached XP level 2. HP: 17/17 MP: 3/3
   296 | D:1      | You fall through a shaft!
   368 | D:2      | Reached XP level 3. HP: 21/21 MP: 4/4
   390 | D:3      | Reached skill level 4 in Long Blades
   463 | D:3      | Found a sacrificial altar of Ru.
   508 | D:3      | Reached XP level 4. HP: 10/26 MP: 5/5
   723 | D:3      | Noticed an ogre
   731 | D:3      | Killed an ogre
   731 | D:3      | Reached skill level 5 in Long Blades
   731 | D:3      | Reached skill level 5 in Dodging
   731 | D:3      | Gained mutation: You can fly. [Tengu growth]
   731 | D:3      | Reached XP level 5. HP: 30/30 MP: 6/6
  1120 | D:3      | Reached XP level 6. HP: 17/35 MP: 7/7
  1535 | D:3      | Reached skill level 6 in Long Blades
  2004 | D:4      | Noticed an ice beast
  2045 | D:3      | Killed an ice beast
  2516 | D:4      | Reached XP level 7. HP: 40/40 MP: 8/8
  2524 | D:4      | Reached skill level 7 in Long Blades
  2570 | D:4      | Noticed Natasha
  2584 | D:4      | Killed Natasha
  2847 | D:4      | Noticed Natasha
  2850 | D:4      | Killed Natasha
  2860 | D:4      | Noticed Natasha
  2867 | D:4      | Killed Natasha
  2996 | D:5      | Entered Level 5 of the Dungeon
  3018 | D:5      | Reached skill level 8 in Long Blades
  3028 | D:5      | Noticed smzp's ghost (novice HaHu)
  3055 | D:5      | HP: 2/40 [smzp's ghost (6)]
  3849 | D:4      | Reached XP level 8. HP: 20/44 MP: 9/9
  4170 | D:5      | Got a spiked ring mail
  4181 | D:5      | Identified the cursed +1 ring mail of Birdsong {rPois rCorr} (You found it on level 5 of the Dungeon)
  4213 | D:5      | Reached skill level 9 in Long Blades
  4321 | D:5      | Killed smzp's ghost
  4525 | D:5      | Reached skill level 10 in Long Blades
  4946 | D:6      | Killed from afar by an orc priest

Skill      XL: |  1  2  3  4  5  6  7  8 |
---------------+-------------------------+-----
Dodging        | 4 5 6 |  6.9
Long Blades    | 4 5 6 8 10 | 10.5
Fighting       | |  2.0
Bows           | |  0.7
Throwing       | |  2.0

Action                   |  1- 3 |  4- 6 |  7- 9 || total
-------------------------+-------+-------+-------++-------
Melee: Long sword        |    38 |    91 |    29 ||   158
       Kick              |    11 |    37 |    62 ||   110
       Peck              |     5 |    18 |    33 ||    56
       Scimitar          |       |       |   140 ||   140
 Fire: Shortbow          |       |       |     3 ||     3
Throw: Throwing net      |       |     1 |     2 ||     3
  Use: Scroll            |       |     1 |     2 ||     3
       Potion            |       |     3 |       ||     3
 Stab: Sleeping          |     1 |     1 |     3 ||     5
  Eat: Chunk             |       |     4 |     1 ||     5
       Bread ration      |       |     1 |     1 ||     2
Armor: Leather armour    |     9 |    19 |    32 ||    60
Dodge: Dodged            |    29 |    70 |    83 ||   182
       Deflected         |       |     1 |     2 ||     3
       Rpst.: Long sword |    12 |    19 |     6 ||    37
       Scimitar          |       |       |    18 ||    18
